 Dungeon Crawl Stone Soup version 0.21-a0-504-g2eda330 (webtiles) character file.

206 slep the Poker (level 5, -1/42 HPs)
             Began as a Demonspawn Monk on Nov 26, 2017.
             Was a Believer of Okawaru.
             Slain by an orc
             ... wielding a +0 trident
              (4 damage)
             ... on level 3 of the Dungeon.
             The game lasted 00:09:51 (2083 turns).

slep the Poker (Demonspawn Monk)                    Turns: 2083, Time: 00:09:52

Health: -1/42      AC:  3    Str:  9 (11) XL:     5   Next: 53%
Magic:  5/5        EV: 13    Int:  9 (11) God:    Okawaru [**....]
Gold:   57         SH:  0    Dex: 14 (17) Spells: 4/4 levels left

rFire    . . .     SeeInvis .   a - +0 spear
rCold    . . .     Gourm    .   (no shield)
rNeg     . . .     Faith    .   o - +0 leather armour
rPois    .         Spirit   .   (no helmet)
rElec    .         Reflect  .   (no cloak)
rCorr    .         Harm     .   (no gloves)
MR       .....                  (no boots)
Stlth    ++........             (no amulet)
HPRegen  0.14/turn              (no ring)
MPRegen  0.09/turn              (no ring)

@: flying
A: hooves 2
a: Heroism, Renounce Religion


You were on level 3 of the Dungeon.
You worshipped Okawaru.
Okawaru was pleased with you.
You were hungry.

You visited 1 branch of the dungeon, and saw 3 of its levels.

You collected 57 gold pieces.

Inventory:

Hand Weapons
 a - a +0 spear (weapon)
Armour
 b - a +0 robe
 o - a +0 leather armour (worn)
Scrolls
 f - a scroll of enchant weapon {unknown}
 i - a scroll of remove curse {unknown}
 j - 2 scrolls of identify {unknown}
 l - 2 scrolls of fog {unknown}
 m - 2 scrolls of random uselessness {unknown}
 n - 2 scrolls of teleportation {unknown}
 p - a scroll of amnesia {unknown}
Comestibles
 c - 4 bread rations
 h - 4 meat rations
 k - a royal jelly


   Skills:
 + Level 3.9 Fighting
 + Level 4.1 Polearms
 + Level 1.3 Armour
 + Level 3.3 Dodging
 + Level 2.6 Stealth


You had 4 spell levels left.
You didn't know any spells.

Dungeon Overview and Level Annotations

Branches:
Dungeon (3/15)

Altars:
Cheibriados
Fedhas
Okawaru
Trog
Xom


Innate Abilities, Weirdness & Mutations

You have hoof-like feet.


Message History

Attack whom?
Press: ? - help, Dir - move target cursor, f/p - orc
Aim: an orc, wielding a trident (severely wounded)
You reach to attack!
You hit the orc.
The orc is almost dead.
The orc misses you.
Attack whom?
Press: ? - help, Dir - move target cursor, f/p - orc
Aim: an orc, wielding a trident (almost dead)
You reach to attack!
You hit the orc but do no damage.
The orc is almost dead.
The orc hits you from afar with a trident.
* * * LOW HITPOINT WARNING * * *
Attack whom?
Press: ? - help, Dir - move target cursor, f/p - orc
Aim: an orc, wielding a trident (almost dead)
You reach to attack!
You closely miss the orc.
The orc is almost dead.
The orc hits you from afar with a trident.
You die...

#### ########## #...
#........################# #...
#...####.....)...........#####...
###........#############....)....
########.### ######.... ### #...#
####...<. ..# ###.# ### #....#...
..# #.###@# #.####### .)# #..##)#
#.)# .## ##.##o# ##.##### ..#
#.##.# #.....## #>#### #.)..##
#####..# #....### ###....## ###>
####...#####...##..####### #. #
###....#..#####..#..'.# #. #
####.#.## ##.#oo#.## #.


You could see an orc.

Vanquished Creatures
  An orc priest (D:3)
  A jelly (D:3)
  An orc wizard (D:3)
  5 adders
  2 oozes (D:3)
  A worm (D:3)
  2 dart slugs
  4 leopard geckos
  4 orcs (D:3)
  5 bats
  A giant cockroach (D:2)
  2 goblins
  7 hobgoblins
  2 jackals (D:2)
  2 quokkas
  A ball python (D:2)
  7 kobolds
  11 rats
59 creatures vanquished.

Notes
Turn   | Place    | Note
-------+----------+-------------------------------------------
     0 | D:1      | slep the Demonspawn Monk began the quest for the Orb.
     0 | D:1      | Reached XP level 1. HP: 18/18 MP: 1/1
   172 | D:1      | Gained mutation: You have large cloven feet. [demonic ancestry]
   172 | D:1      | Reached XP level 2. HP: 24/24 MP: 2/2
   468 | D:1      | Reached skill level 3 in Polearms
   744 | D:2      | Found a blossoming altar of Fedhas.
   823 | D:2      | Reached XP level 3. HP: 26/29 MP: 3/3
  1005 | D:2      | Found a snail-covered altar of Cheibriados.
  1006 | D:2      | Found a bloodstained altar of Trog.
  1010 | D:2      | Found an iron altar of Okawaru.
  1287 | D:3      | Reached XP level 4. HP: 10/37 MP: 4/4
  1470 | D:3      | Reached skill level 1 in Armour
  1470 | D:3      | Gained mutation: You have hoof-like feet. [demonic ancestry]
  1470 | D:3      | Reached XP level 5. HP: 33/42 MP: 5/5
  1513 | D:2      | Became a worshipper of Warmaster Okawaru
  1513 | D:2      | Reached * piety under Okawaru
  1513 | D:2      | Reached ** piety under Okawaru
  1552 | D:3      | Reached skill level 4 in Polearms
  1623 | D:3      | Found a shimmering altar of Xom.
  2083 | D:3      | Slain by an orc

Vault maps used:
D:1:      mushboom_english_gardens
D:2:      nicolae_overflow_hidden_temple, fedhas_altar_1
D:3:      regret_index_temple_of_mockery, kennysheep_generic_room_14

Skill      XL: |  1  2  3  4  5 |
---------------+----------------+-----
Polearms       | 3 4 |  4.1
Dodging        | 3 |  3.3
Stealth        | 2 |  2.6
Armour         | 1 |  1.3
Fighting       | |  3.9

Action                   |  1- 3 |  4- 6 || total
-------------------------+-------+-------++-------
Melee: Spear             |   108 |   117 ||   225
       Kick              |    26 |    32 ||    58
  Use: Potion            |       |     4 ||     4
 Stab: Sleeping          |     3 |     6 ||     9
  Eat: Chunk             |     1 |     2 ||     3
Armor: Robe              |     5 |       ||     5
       Leather armour    |     8 |    16 ||    24
Dodge: Dodged            |    67 |    49 ||   116

Table legend:
 A = Spawn XP
 B = Non-spawn XP
 C = Spawn XP percentage of total XP
 D = Spawn monster count
 E = Non-spawn monster count
 F = Spawn count percentage of total count
 G = Total turns spent on level
                    A         B        C        D         E        F      G
               +---------+---------+-------+---------+---------+-------+---------
         Total |       0 |     295 |   0.0 |       0 |      59 |   0.0 |  2083
               +---------+---------+-------+---------+---------+-------+---------
           D:1 |       0 |      31 |   0.0 |       0 |      18 |   0.0 |   742
           D:2 |       0 |      45 |   0.0 |       0 |      12 |   0.0 |   763
           D:3 |       0 |     219 |   0.0 |       0 |      29 |   0.0 |   578
               +---------+---------+-------+---------+---------+-------+---------
